 Dungeon Crawl Stone Soup version 0.26.0-10-g1f06aea511 (webtiles) character file.

Game seed: 558916053516297590

136 wakim the Conjurer (level 4, -4/24 HPs)
             Began as a Deep Elf Conjurer on Jan 24, 2021.
             Killed from afar by an orc wizard (9 damage)
             ... with a magic dart
             ... on level 4 of the Dungeon.
             The game lasted 00:09:30 (1705 turns).

wakim the Conjurer (Deep Elf Conjurer)              Turns: 1705, Time: 00:09:31

Health: -4/24      AC:  2    Str:  5    XL:     4   Next: 98%
Magic:  1/12       EV: 13    Int: 21    God:
Gold:   102        SH:  0    Dex: 13    Spells: 9/12 levels left

rFire    . . .     SeeInvis +   a - +1 short sword of Impatience {speed, rPois Will+++ Int-2 SInv}
rCold    . . .     Faith    .   (no shield)
rNeg     . . .     Spirit   .   j - +0 robe
rPois    +         Reflect  .   (no helmet)
rElec    .         Harm     +   d - scarf {harm}
rCorr    .         Rampage  .   (no gloves)
Will     +++..                  (no boots)
Stlth    ++........             (no amulet)
HPRegen  0.08/turn              (no ring)
MPRegen  0.13/turn              (no ring)

@: no status effects
A: no striking features
a: no special abilities


You were on level 4 of the Dungeon.
You visited 1 branch of the dungeon, and saw 3 of its levels.

You collected 102 gold pieces.

Inventory:

Hand Weapons
 a - the +1 short sword of Impatience (weapon) {speed, rPois Will+++ Int-2 SInv}
   (You found it on level 4 of the Dungeon)

   Attacks with this weapon are significantly faster.
   It affects your intelligence (-2).
   It protects you from poison.
   It affects your willpower, your defense against some magical effects.
   It lets you see invisible.
Armour
 d - a scarf of harm (worn)
 j - a +0 robe (worn)
Jewellery
 f - an uncursed ring of ice {unknown}
Scrolls
 b - 2 scrolls of teleportation {unknown}
 e - 2 scrolls of identify {unknown}
 g - a scroll of remove curse {unknown}
 h - a scroll of fog {unknown}
 i - a scroll of enchant armour {unknown}
Potions
 c - a potion of curing {unknown}


   Skills:
 - Level 2.4 Dodging
 - Level 2.4 Stealth
 + Level 4.7 Spellcasting
 * Level 6.2 Conjurations


You had 9 spell levels left.
You knew the following spells:

 Your Spells              Type           Power        Failure   Level
a - Magic Dart            Conj           100%         1%          1
b - Searing Ray           Conj           62%          1%          2

Your spell library contained the following spells:

 Spells                   Type           Power        Failure   Level
 Dazzling Flash           Conj/Hex       36%          10%         3
 Fulminant Prism          Conj/Hex       9%           30%         4
 Iskenderun's Mystic Bla  Conj/Tloc      18%          30%         4


Dungeon Overview and Level Annotations

Branches:
Dungeon (2/15)

Altars:
Fedhas

Shops:
D:4 *

Annotations:
D:4 Edmund


Message History

* * * LOW HITPOINT WARNING * * *
The searing ray hits the orc wizard.
The orc wizard is almost dead.
The orc wizard closely misses you.
Without enough magic to sustain it, your searing ray dissipates.
The orc wizard completely misses you.
An orc wizard comes into view. It is wielding a +0 dagger.
Casting: Searing Ray (safe; 1% risk of failure)
Confirm with . or Enter, or press ? or * to list all spells.
You don't have enough magic to cast that spell.
Unknown command.
You closely miss the orc wizard.
The orc wizard is almost dead.
The orc wizard hits you but does no damage.
You barely miss the orc wizard.
The orc wizard is almost dead.
The orc wizard shouts!
The orc wizard gestures at you while chanting.
The magic dart hits you!
You die...

###...o...............#..####
#.......................##
..........o...o.....##...##
....$........##.....#.....#
...........#####.)###.....#
.............# ##)# #.....#
...........#.## #o###.....#
...........#..###o.##.....#
[..........##...@..####.###
..........########........#
..#......##### ##.......#
...#.........# #.......#
....##.#..[..# #.......#
##..##.#.....#### #.###.###
#>....#........###.##..#
###.#........##..##.....#
###....#......##.......##


You could see 2 orc wizards.

Vanquished Creatures
  A centaur skeleton (D:4)
  An orc priest (D:4)
  An orc wizard (D:4)
  A hound skeleton (D:4)
  An adder (D:2)
  A dart slug (D:2)
  A leopard gecko (D:1)
  5 orcs (D:4)
  2 bats
  2 giant cockroaches
  2 goblins
  2 jackals (D:2)
  3 quokkas (D:4)
  A frilled lizard (D:2)
  A kobold (D:2)
  2 rats (D:1)
27 creatures vanquished.

Notes
Turn   | Place    | Note
-------+----------+-------------------------------------------
     0 | D:1      | wakim the Deep Elf Conjurer began the quest for the Orb.
     0 | D:1      | Reached XP level 1. HP: 10/10 MP: 6/6
   886 | D:2      | Found a blossoming altar of Fedhas.
   973 | D:2      | Reached XP level 2. HP: 15/15 MP: 4/8
  1056 | D:2      | Learned a level 2 spell: Searing Ray
  1130 | D:2      | Reached skill level 5 in Conjurations
  1398 | D:2      | You fall into a shaft and drop 2 floors!
  1418 | D:4      | Reached XP level 3. HP: 19/19 MP: 6/10
  1441 | D:4      | Got a bloodstained short sword
  1444 | D:4      | Identified the +1 short sword of Impatience {speed, rPois
                  | Will+++ Int-2 SInv} (You found it on level 4 of the
                  | Dungeon)
  1484 | D:4      | Found Jaops's Elemental Accessories.
  1552 | D:4      | Noticed Edmund
  1675 | D:4      | Reached XP level 4. HP: 3/24 MP: 7/12
  1678 | D:4      | Reached skill level 6 in Conjurations
  1705 | D:4      | Killed from afar by an orc wizard

Illustrated notes

Levels and vault maps discovered:
D:1:      onia_arrival_mini_spirals, layout_loops_corners,
          minmay_misc_feat_nine_boxes, amcnicky_mini_corridor_feature
D:2:      layout_loops_corners, hangedman_feature_mirror, minmay_misc_feat_tiny,
          kennysheep_doodads, fedhas_altar_1, uniq_terence
D:4:      layout_rooms, ebering_ghost_rock_garden, serial_shops, shop,
          nicolae_elemental_shop, uniq_edmund

Skill      XL: |  1  2  3  4 |
---------------+-------------+-----
Conjurations   | 5 6 |  6.2
Spellcasting   | 4 |  4.7
Dodging        | |  2.4
Stealth        | |  2.4

Action                   |  1- 3 |  4- 6 || total
-------------------------+-------+-------++-------
Melee: Unarmed           |     1 |       ||     1
       Short sword       |       |     2 ||     2
 Cast: Magic Dart        |    34 |       ||    34
       Searing Ray       |     5 |     3 ||     8
Armor: Robe              |     1 |     1 ||     2
Dodge: Dodged            |    10 |     2 ||    12
